AoeStats
← Lord_Wilfredo

Golden Pit

507624086Analyzed
1v1 RM · 13d ago on Sep 19, 2026· 34m 1s· 2 players
Game mode
Random Map
Map size
Tiny (2 player)
Population
200
Speed
Normal
Resources
Standard
Victory
Conquest
Starting age
Dark Age
Ending age
Imperial Age
RankedLock teamsTeams togetherTeam positionsShared explorationLock speedFull tech treeHidden civsTurbo modeCheats
Victory
Defeat
🇧🇷 Hindustanis · Brazil
1306
+16
🇦🇷 Mongols · Argentina
1313
-16
d1GaO
6:28 Loom
9:17 Feudal Age
9:55 Double-Bit Axe
14:43 Horse Collar
19:51 Castle Age
18:22 Forging
18:17 Scale Barding Armor
19:17 Bloodlines
21:11 Iron Casting
21:16 Husbandry
21:12 Gold Mining
26:02 Chain Barding Armor
29:16 Fletching
30:57 Heavy Plow
32:59 Wheelbarrow
33:30 Bodkin Arrow
Lord_Wilfredo
3:45 Loom
9:20 Feudal Age
9:57 Double-Bit Axe
14:39 Forging
17:02 Wheelbarrow
21:09 Castle Age
19:49 Fletching
20:47 Horse Collar
21:51 Bloodlines
22:03 Bow Saw
21:35 Light Cavalry
22:00 Crossbowman
23:50 Bodkin Arrow
30:12 Ballistics
32:21 Husbandry
Connection lost

Rejoining the realm…

Still unreachable

The connection could not be restored.

Session expired

The server has moved on; the page needs a fresh start.